 Dungeon Crawl Stone Soup version 0.31-a0-667-g39726597b9 (webtiles) character file.

Game seed: 12311020314462493960

598689 2FriedEggs the Heavyweight Champion (level 27, 0/340 (419) HPs)
             Began as an Ogre Shapeshifter on Sept 2, 2023.
             Was the Champion of Ru.
             Slain by a moth of wrath simulacrum (6 damage)
             ... on level 9 of a ziggurat on Sept 4, 2023.
             The game lasted 02:51:18 (52497 turns).

2FriedEggs the Heavyweight Champion (OgSh)         Turns: 52497, Time: 02:51:19

HP:   0/340 (419)   AC: 33    Str: 39    XL:     27
MP:   5/37          EV:  8    Int: 14    God:    Ru [******]
Gold: 8257          SH: 26    Dex:  8    Spells: 36/36 levels left

rFire   + +          .
                       - Unarmed
rCold   + + .        K - +8 tower shield {AC+3}
rNeg    + . .        V - melded +3 troll leather armour {Snorg}
rPois   ∞            u - +0 mask of the Dragon {Will+ Slay+3 SInv}
rElec   +            r - scarf {rC+ rF+}
rCorr   +            (gloves unavailable)
SInv    +            (boots unavailable)
Will    ++++.        g - amulet of Jaele {rPois rC+ Regen+ MP+9} Stlth
                     H - ring of Qoreapp {Will+ Str+3 Slay+4}
HPRegen 1.56/turn    T - ring of Lugonu's Felicitations {rF+ rCorr Int+3 Stlth-}
MPRegen 0.25/turn

%: no passive effects
@: exhausted, statue-form, corroded, slowed, studying 4 skills, heavily drained,
unable to drink, very slow
A: slow and powerful, torment resistance 1, boosted hp, large, unfitting armour,
(tough skin 1), inability to drink after injury 2, no stealth, inability to use
devices, inability to train dodging, no ice magic, no summoning magic, no
transmutations magic, hooves 1, deterioration 1, low MP 1, teleportitis 1, wild
magic 1, inability to read after injury 1, MP-powered wands
}: 4/15 runes: barnacled, slimy, silver, gossamer
a: Begin Untransformation, Renounce Religion, Draw Out Power, Power Leap,
Apocalypse


You were on level 9 of a ziggurat.
You worshipped Ru.
Ru was exalted by your worship.
You were a living statue of rough stone.
You visited 12 branches of the dungeon, and saw 52 of its levels.
You visited 1 ziggurat, and saw 9 of its levels.
You also visited: Sewer, Bailey, Ice Cave, Volcano and Wizlab.

You collected 12307 gold pieces.
You spent 4050 gold pieces at shops.

Inventory:

Hand Weapons
 b - the +3 Elemental Staff {ele, rElec rF+ rC+ AC+3}
   (You acquired it on level 4 of the Depths)

   AC+3:      It affects your AC (+3).
   rF+:       It protects you from fire.
   rC+:       It protects you from cold.
   rElec:     It insulates you from electricity.
Missiles
 d - 5 throwing nets
 O - 15 javelins
 Q - 25 curare-tipped darts (quivered)
Armour
 r - a scarf of resistance (worn)
 u - the +0 mask of the Dragon (worn) {Will+ Slay+3 SInv}
   (You found it in an ice cave)

   Slay+3:    It affects your accuracy & damage with ranged weapons and melee
   (+3).
   Will+:     It increases your willpower.
   SInv:      It lets you see invisible.
 D - the +3 crown of Dyrovepreva {rElec Int+2 SInv}
   (You found it on level 8 of a ziggurat)

   Int+2:     It affects your intelligence (+2).
   rElec:     It insulates you from electricity.
   SInv:      It lets you see invisible.
 K - a +8 tower shield of protection (worn)
 V - a +3 troll leather armour (melded) {Snorg}
Jewellery
 a - a +5 ring of evasion
 g - the amulet of Jaele (around neck) {rPois rC+ Regen+ MP+9}
   (You acquired it on level 10 of the Dungeon)

   [amulet of regeneration]

   rC+:       It protects you from cold.
   rPois:     It protects you from poison MP+9: It affects your magic capacity
   (+9).
   Regen+:    It increases your rate of health regeneration.
 h - the ring "Ememup" {rElec rN+ Int+6 Stlth+}
   (You acquired it on level 2 of the Depths)

   [ring of intelligence]

   Int+6:     It affects your intelligence (+6).
   rElec:     It insulates you from electricity.
   rN+:       It protects you from negative energy.
   Stlth+:    It makes you more stealthy.
 i - a ring of flight
 s - the amulet "Reddosmu" {Reflect Contam Str+4 Slay+4 SH+5 Stlth+}
   (You found it on level 5 of the Pits of Slime)

   [amulet of reflection]

   Reflect:   It reflects blocked missile attacks.
   Str+4:     It affects your strength (+4).
   Slay+4:    It affects your accuracy & damage with ranged weapons and melee
   (+4).
   Contam:    It causes magical contamination when unequipped.
   SH+5:      It affects your SH (+5).
   Stlth+:    It makes you more stealthy.
 x - the ring "Witoch" {*Corrode rPois rF+ rN+++ AC+4}
   (You found it on level 5 of the Pits of Slime)

   [ring of protection]

   AC+4:      It affects your AC (+4).
   rF+:       It protects you from fire.
   rPois:     It protects you from poison rN+++: It renders you almost immune to
   negative energy.
   *Corrode:  It may corrode you when you take damage.
 H - the ring of Qoreapp (left fist) {Will+ Str+3 Slay+4}
   (You took it off a deep elf annihilator on level 3 of the Elven Halls)

   [ring of slaying]

   Str+3:     It affects your strength (+3).
   Slay+4:    It affects your accuracy & damage with ranged weapons and melee
   (+4).
   Will+:     It increases your willpower.
 J - a ring of wizardry
 S - the ring "Aggaeruvi" {rC+ rN+ rCorr Int+2 Dex+3}
   (You found it on level 5 of a ziggurat)

   [ring of resist corrosion]

   Int+2:     It affects your intelligence (+2).
   Dex+3:     It affects your dexterity (+3).
   rC+:       It protects you from cold.
   rN+:       It protects you from negative energy.
   rCorr:     It protects you from acid and corrosion.
 T - the ring of Lugonu's Felicitations (right fist) {rF+ rCorr Int+3 Stlth-}
   (You found it on level 2 of the Shoals)

   [ring of resist corrosion]

   Int+3:     It affects your intelligence (+3).
   rF+:       It protects you from fire.
   rCorr:     It protects you from acid and corrosion.
   Stlth-:    It makes you less stealthy.
 U - a +4 ring of slaying
Talismans
 y - a serpent talisman
 A - a blade talisman
 C - a granite talisman (active)
 F - a maw talisman
Scrolls
 c - 10 scrolls of blinking
 e - 6 scrolls of brand weapon
 f - 3 scrolls of revelation
 j - 4 scrolls of torment
 n - 16 scrolls of immolation
 o - 8 scrolls of poison
 p - 21 scrolls of teleportation
 q - 5 scrolls of vulnerability
 w - 12 scrolls of enchant weapon
 B - 11 scrolls of fog
 G - 3 scrolls of fear
 L - 5 scrolls of enchant armour
 R - 3 scrolls of summoning
 W - 3 scrolls of silence
Potions
 k - 17 potions of curing
 l - 4 potions of resistance
 m - 14 potions of brilliance
 t - 15 potions of haste
 v - 10 potions of enlightenment
 z - 7 potions of berserk rage
 E - 6 potions of invisibility
 I - 9 potions of heal wounds
 M - 5 potions of mutation
 N - 4 potions of magic
 P - 4 potions of cancellation
 X - 6 potions of ambrosia
 Z - 9 potions of might


   Skills:
 O Level 27 Fighting
 - Level 16.9 Shields
 O Level 27 Unarmed Combat
 - Level 5.4 Spellcasting
 + Level 25.5 Shapeshifting


You had 36 spell levels left.
You didn't know any spells.
Your spell library contained the following spells:

 Spells                   Type           Power      Damage    Failure   Level
 Kiss of Death            Conj/Necr      16%        2d6       34%         1
 Magic Dart               Conj           16%        1d3       34%         1
 Sandblast                Erth           8%         2d5       34%         1
 Shock                    Conj/Air       16%        1d4       34%         1
 Slow                     Hex            16%        N/A       34%         1
 Blink                    Tloc           8%         N/A       47%         2
 Cigotuvi's Dreadful Rot  Necr/Pois/Air  8%         N/A       47%         2
 Lesser Beckoning         Tloc           8%         N/A       47%         2
 Poisonous Vapours        Pois/Air       8%         N/A       47%         2
 Scorch                   Fire           8%         2d5       47%         2
 Static Discharge         Conj/Air       8%         2-3/arc   47%         2
 Confusing Touch          Hex            4%         N/A       71%         3
 Dazzling Flash           Conj/Hex       8%         N/A       71%         3
 Gell's Gravitas          Tloc           4%         N/A       71%         3
 Mephitic Cloud           Conj/Pois/Air  4%         N/A       71%         3
 Portal Projectile        Hex/Tloc       8%         N/A       71%         3
 Stone Arrow              Conj/Erth      8%         3d7       71%         3
 Swiftness                Air            4%         N/A       71%         3
 Teleport Other           Tloc           4%         N/A       71%         3
 Tukima's Dance           Hex            4%         N/A       71%         3
 Vampiric Draining        Necr           4%         2d6       71%         3
 Volatile Blastmotes      Fire/Tloc      8%         2d10      71%         3
 Airstrike                Air            2%         2d(1-17)  97%         4
 Anguish                  Hex/Necr       2%         N/A       97%         4
 Cause Fear               Hex            2%         N/A       97%         4
 Dispel Undead            Necr           4%         3d7       97%         4
 Flame Wave               Conj/Fire      4%         2d5       97%         4
 Fulminant Prism          Conj/Hex       2%         3d5       97%         4
 Iskenderun's Mystic Bla  Conj/Tloc      4%         2d3       97%         4
 Leda's Liquefaction      Hex/Erth       2%         N/A       97%         4
 Manifold Assault         Tloc           4%         N/A       97%         4
 Olgreb's Toxic Radiance  Pois           4%         N/A       97%         4
 Passage of Golubria      Tloc           4%         N/A       97%         4
 Sticky Flame             Conj/Fire      4%         2d3       97%         4
 Vhi's Electric Charge    Tloc/Air       8%         N/A       97%         4
 Agony                    Necr           4%         N/A       100%        5
 Arcjolt                  Conj/Air       2%         1d12      100%        5
 Borgnjor's Vile Clutch   Necr/Erth      2%         N/A       100%        5
 Fireball                 Conj/Fire      2%         3d4       100%        5
 Iskenderun's Battlesphe  Conj           4%         2d6       100%        5
 Lee's Rapid Deconstruct  Erth           2%         3d4*      100%        5
 Silence                  Hex/Air        2%         N/A       100%        5
 Conjure Ball Lightning   Conj/Air       2%         3x3d6     100%        6
 Dispersal                Tloc           2%         N/A       100%        6
 Leda's Unmaking          Conj/Erth      2%         9d1       100%        6
 Starburst                Conj/Fire      2%         6d3       100%        6
 Enfeeble                 Hex            2%         N/A       100%        7
 Orb of Destruction       Conj           2%         9d5       100%        7
 Borgnjor's Revivificati  Necr           2%         N/A       100%        8
 Discord                  Hex            2%         N/A       100%        8
 Disjunction              Tloc           2%         N/A       100%        8
 Ignition                 Fire           2%         3d3       100%        8
 Lehudib's Crystal Spear  Conj/Erth      2%         10d2      100%        8
 Maxwell's Capacitive Co  Air            2%         ∞         100%        8
 Chain Lightning          Conj/Air       2%         3d2       100%        9
 Death's Door             Necr           2%         N/A       100%        9
 Fire Storm               Conj/Fire      2%         8d1       100%        9
 Shatter                  Erth           2%         3d6*      100%        9
 Sting                    Tmut/Pois      Unusable   1d3       N/A         1
 Call Imp                 Summ           Unusable   N/A       N/A         2
 Ensorcelled Hibernation  Hex/Ice        Unusable   N/A       N/A         2
 Passwall                 Tmut/Erth      Unusable   N/A       N/A         2
 Call Canine Familiar     Summ           Unusable   N/A       N/A         3
 Hailstorm                Conj/Ice       Unusable   3d4       N/A         3
 Ignite Poison            Fire/Tmut/Pois Unusable   N/A       N/A         3
 Summon Guardian Golem    Hex/Summ       Unusable   N/A       N/A         3
 Animate Armour           Summ/Erth      Unusable   N/A       N/A         4
 Summon Ice Beast         Ice/Summ       Unusable   N/A       N/A         4
 Summon Lightning Spire   Summ/Air       Unusable   N/A       N/A         4
 Alistair's Intoxication  Tmut/Pois      Unusable   N/A       N/A         5
 Yara's Violent Unravell  Hex/Tmut       Unusable   3d3       N/A         5
 Eringya's Noxious Bog    Tmut/Pois      Unusable   4d6       N/A         6
 Simulacrum               Ice/Necr       Unusable   N/A       N/A         6
 Summon Cactus Giant      Summ           Unusable   N/A       N/A         6
 Haunt                    Necr/Summ      Unusable   N/A       N/A         7
 Malign Gateway           Summ/Tloc      Unusable   N/A       N/A         7
 Spellforged Servitor     Conj/Summ      Unusable   N/A       N/A         7
 Dragon's Call            Summ           Unusable   N/A       N/A         9

Dungeon Overview and Level Annotations

Branches:
Dungeon (15/15)            Temple (1/1) D:4            Lair (5/5) D:10
 Shoals (4/4) Lair:2       Spider (4/4) Lair:2        Slime (5/5) Lair:5
    Orc (2/2) D:10            Elf (3/3) Orc:2        Vaults (5/5) D:13
  Crypt (3/3) Vaults:3       Tomb (0/3) Crypt:3      Depths (4/4) D:15
    Zot (1/5) Depths:4      Sewer (visited)          Bailey (visited)
  IceCv (visited)         Volcano (visited)          WizLab (visited)

Altars:
Ashenzari
Cheibriados
Dithmenos
Elyvilon
Fedhas
Gozag
Hepliaklqana
Kikubaaqudgha
Makhleb
Nemelex Xobeh
Okawaru
Qazlal
Ru
Sif Muna
Trog
Uskayaw
Vehumet
Wu Jian
Xom
Yredelemnul
Zin
The Shining One
Jiyva

Shops:
D:1 *   D:6 :   D:8 *   Orc:2 [?(!   Elf:1 *   Vaults:1 !   Depths:1 (
Depths:4 *?

Portals:
Hell: Depths:1 Depths:2 Depths:3 Depths:4
Abyss: Depths:3 Depths:4
Pandemonium: Depths:2 Depths:3
Trove: D:10 (lose all piety)

Annotations:
D:5 1 runed translucent door, Pikel
Lair:4 3 runed translucent doors, Fractals's ghost, journeyman DsSh
Lair:5 1 transporter, avis's ghost, journeyman FeSh
Elf:2 3 runed translucent doors
Depths:4 1 transporter


Innate Abilities, Weirdness & Mutations

You are a living statue of rough stone.
Your actions are slow, but your melee attacks are powerful.
You are resistant to unholy torment.
Your maximum health is greatly increased.
Your equipment is partially melded.
You are too large for most types of armour.
You are immune to poison.
((You have tough skin. (AC +1)))
You sometimes lose the ability to drink potions when taking damage.
You cannot be stealthy.
You cannot study or use magical devices.
You cannot train Dodging skill.
You cannot study or cast Ice magic.
You cannot study or cast Summoning magic.
You cannot study or cast Transmutations magic.
You have large cloven feet.
Your body sometimes deteriorates upon taking damage.
Your magical capacity is low. (-10% MP)
You are occasionally teleported next to monsters.
Your spells are a little harder to cast, but a little more powerful.
You occasionally lose the ability to read scrolls when taking damage.
You expend magic power (3 MP) to strengthen your wands.


Message History

The emperor scorpion claws you but does no damage.
The emperor scorpion is stunned by your conviction and fails to attack.
The radroach bites you!!
* * * LOW HITPOINT WARNING * * *
The radroach claws you but does no damage.
The emperor scorpion stings you!!
* * * LOW HITPOINT WARNING * * *
The emperor scorpion claws you but does no damage. x2
The radroach bites you!!
* * * LOW HITPOINT WARNING * * *
The radroach claws you but does no damage.
The emperor scorpion stings you but does no damage.
The emperor scorpion claws you!
* * * LOW HITPOINT WARNING * * *
You block the emperor scorpion's attack.
Unknown command.
Unknown command.
Blink to where?
Press: ? - help, Dir - move target You have identified the last magical staff.
Found six items.
As you read the scroll of blinking, it crumbles to dust.
The emperor scorpion rages. x2
Unknown command.
Unknown command.
You cannot drink potions in your current state!
The radroach is no longer berserk.
The emperor scorpion's soul is no longer bound.
There is a gate leading back out of this place here.
You see here 6 stones.
Unknown command.
Okay, then.
You block the emperor scorpion's attack. x3
The emperor scorpion stings you but does no damage.
The emperor scorpion closely misses you.
The emperor scorpion barely misses you. The moth of wrath simulacrum bites you!
* * * LOW HITPOINT WARNING * * *
The moth of wrath simulacrum freezes you.
You resist.
You die...

▓▓▓▓▓▓.▓▓▓▓▓▓
▓▓...........▓▓
▓▓.....B.......▓▓▓
........§†w......▓▓
.......w..y.......▓
......Z........?[)▓
............ZB.)∩[▓▓
∩.............$s>(:▓
.............Z.Z8|▓
...............?$$▓
..................▓
.................▓▓
▓▓.............▓▓▓
▓...........▓
▓▓▓▓▓.▓▓▓▓▓


You could see an emperor scorpion (berserk), a radroach (soul bound, slow), a
ghost moth (invisible, paralysed), a torpor snail (berserk, soul bound,
paralysed), a jumping spider simulacrum, a tarantella simulacrum and a moth of
wrath simulacrum.

Vanquished Creatures
  the Royal Jelly (Slime:5)
  2 dread liches
  Mara (Vaults:3)
  3 juggernauts
  Vv (Crypt:3)
  Boris (twice) (Crypt:2 Crypt:3)
  Bai Suzhen (Shoals:4)
  Margery (Vaults:3)
  A Head Instructor (WizLab)
  3 caustic shrikes (Depths:4)
  Saint Roka (Crypt:3)
  2 golden dragons (Vaults:5)
  Nikola (Depths:1)
  Arachne (Spider:3)
  Jory (Depths:4)
  Norris (Elf:1)
  A bone dragon (Crypt:3)
  3 doom hounds (Depths:3)
  Zenata (Crypt:3)
  Jorgrun (Orc:1)
  A walking earthen tome (Depths:2)
  6 liches
  6 tentacled monstrosities
  2 deep elf master archers (Elf:3)
  3 deep elf blademasters
  Grunn (Depths:3)
  3 titans
  A walking frostbound tome (Depths:2)
  2 quicksilver dragons
  7 sphinxes
  14 acid blobs
  2 ancient champions (Crypt:2)
  The ghost of Cahom the Warrior, an adept MiBe of Trog (Shoals:2)
  Gastronok (D:10)
  The ghost of Musia the Eclecticist, an adept DjCj of Ashenzari (Spider:3)
  A tentacled starspawn (Zig:8)
  9 tengu reavers
  Kirke (Lair:4)
  6 shadow dragons (Vaults:5)
  Aizul (Spider:2)
  11 azure jellies
  5 rockslimes (Slime:5)
  4 storm dragons
  2 draconian knights
  A nagaraja (Zig:4)
  6 emperor scorpions
  A revenant (Crypt:1)
  10 deep elf sorcerers
  12 frost giants
  17 vault wardens
  3 balrugs
  4 iron dragons
  6 fire giants
  2 draconian scorchers (Depths:4)
  5 deep elf elementalists (Elf:3)
  A caustic shrike zombie (Crypt:3)
  5 ghost moths
  19 stone giants
  4 orc warlords
  6 ghouls
  A spriggan defender (Depths:4)
  2 reapers
  10 war gargoyles
  2 caustic shrike skeletons
  14 very ugly things
  8 quicksilver oozes
  A juggernaut skeleton (Crypt:1)
  5 ironbound thunderhulks
  8 deep elf demonologists
  15 formless jellyfish
  19 ironbound preservers
  Azrael (Spider:1)
  Nessos (Lair:4)
  5 deep elf annihilators
  8 vampire knights
  11 dire elephants
  11 ettins
  9 spark wasps
  A white draconian (IceCv)
  Snorg (D:11)
  2 eidola
  4 crystal guardians
  A green death (Depths:3)
  7 deep elf death magi
  Josephine (D:10)
  11 deep elf high priests
  9 merfolk javelineers
  14 fire dragons
  7 jiangshi
  10 merfolk impalers
  19 yaktaur captains
  9 entropy weavers
  18 great orbs of eyes
  6 hydras
  5 ice dragons
  A jorogumo (Spider:3)
  3 rakshasas
  4 ogre magi
  3 spriggan zombies
  3 peacekeepers
  2 spriggan air magi (WizLab)
  15 two-headed ogres
  33 vault guards
  Erica (D:11)
  2 merfolk avatars
  A catoblepas (Lair:5)
  2 fenstrider witch skeletons (Crypt:2)
  14 ironbound frosthearts
  7 radroaches
  The ghost of Viaheush the Carver, a journeyman GnWn of Hepliaklqana (Elf:1)
  The ghost of Viaheush the Carver, a journeyman GnWn of Hepliaklqana (Elf:1)
  17 dancing weapons
  2 satyrs
  An alligator snapping turtle (Shoals:4)
  6 boulder beetles
  14 centaur warriors
  A death scarab (Zig:2)
  A death knight (Crypt:2)
  2 thrashing horrors (Zig:8)
  9 vampire magi
  5 merfolk aquamancers (Shoals:4)
  6 tengu warriors
  2 titan zombies (Crypt:3)
  2 spriggan berserkers
  A shock serpent (Zig:4)
  14 death yaks (Lair:5)
  5 deep troll shamans
  4 hell hogs
  5 deep troll earth magi
  8 demonic crawlers
  4 large abominations (Zig:8)
  7 orc high priests
  A naga sharpshooter (Zig:4)
  2 soul eaters
  29 hell knights
  2 sun demons
  4 salamander mystics
  57 skeletal warriors
  2 wretched stars (Zig:8)
  16 deep elf knights
  2 titan skeletons
  8 skysharks
  An iron troll (Depths:3)
  A sun moth (Spider:3)
  2 shadow wraiths
  A golden dragon zombie (Depths:3)
  A sea snake (shapeshifter) (Vaults:5)
  A sixfirhy (D:12)
  An anaconda zombie (Crypt:3)
  A bunyip zombie (Crypt:3)
  7 pharaoh ants
  4 sea snakes
  2 storm dragon skeletons
  5 flayed ghosts
  3 orb spiders
  A swamp dragon (shapeshifter) (Depths:4)
  A bog body (Crypt:2)
  47 deep trolls
  3 golden dragon skeletons
  An orange crystal statue (IceCv)
  12 deep elf archers
  8 steelbarb worms
  6 glowing orange brains
  A shadow dragon zombie (Crypt:2)
  A bunyip skeleton (Crypt:3)
  8 phantasmal warriors
  15 wizards
  16 ironbound convokers
  13 orc knights
  14 deep elf zephyrmancers
  7 lindwurms
  4 mana vipers
  31 deep elf pyromancers
  17 harpies
  16 necromancers
  7 orc sorcerers
  44 ugly things
  7 wolf spiders
  2 salamanders (Depths:2)
  4 cyclopes
  3 fauns (Shoals:2)
  6 shining eyes
  11 manticores
  A salamander (shapeshifter) (Elf:2)
  5 merfolk sirens
  11 elephants
  2 moths of wrath (Zig:9)
  A molten gargoyle (Depths:2)
  A worldbinder (Zig:8)
  A centaur zombie (Crypt:1)
  2 fire giant skeletons
  An ice statue (Elf:3)
  2 frost giant skeletons
  4 smoke demons
  15 vault sentinels
  4 torpor snails
  A rust devil (D:12)
  15 cane toads
  11 water nymphs
  3 black mambas
  4 stone giant skeletons
  2 naga magi
  An eye of devastation (Slime:5)
  2 dire elephant skeletons (Crypt:2)
  10 komodo dragons
  3 centaur skeletons (Crypt:2)
  A purple draconian zombie (Crypt:2)
  20 yaktaurs
  4 efreet
  A black draconian skeleton (Crypt:1)
  3 naga skeletons
  A hellion (Depths:2)
  A bunyip simulacrum (Crypt:2)
  An unseen horror (D:10)
  An anaconda simulacrum (Crypt:2)
  16 rime drakes
  2 freezing wraiths
  2 ice devils
  3 red devils (Volcano)
  A minotaur skeleton (Crypt:1)
  9 tengu conjurers
  A harpy zombie (Crypt:3)
  25 merfolk
  A yellow draconian skeleton (Crypt:1)
  18 wind drakes
  2 meliai (shapeshifter)
  10 meliai
  24 polar bears
  17 tarantellas
  8 harpy skeletons
  A tarantella (shapeshifter) (Vaults:5)
  5 trolls
  3 hornets
  A hellwing (Depths:3)
  A culicivora zombie (Crypt:1)
  A hornet (shapeshifter) (Elf:3)
  20 blink frogs
  A raiju (shapeshifter) (D:14)
  A hydra skeleton (Crypt:2)
  25 jumping spiders
  10 snapping turtles
  10 air elementals
  An ettin skeleton (Vaults:3)
  14 dream sheep
  50 flying skulls
  48 slime creatures
  23 culicivoras
  An ice dragon skeleton (Crypt:2)
  A vampire (D:10)
  11 wraiths
  An ushabti (Zig:2)
  37 yaks
  4 wyverns
  4 shadows
  21 water elementals
  9 fire elementals
  3 basilisks
  3 hogs (Lair:4)
  A steam dragon (D:6)
  A neqoxec (Zig:8)
  20 humans (D:13)
  A black mamba skeleton (Crypt:3)
  10 vampire mosquitoes
  A minotaur simulacrum (Crypt:1)
  39 redbacks
  2 wargs (Depths:4)
  A naga (Zig:4)
  Menkaure (D:7)
  A swamp worm (shapeshifter) (Depths:2)
  A water nymph zombie (Crypt:2)
  12 water moccasins
  A warg (shapeshifter) (D:14)
  3 acid dragons
  A deep troll skeleton (Crypt:2)
  6 hell hounds
  A glowing shapeshifter skeleton (Vaults:3)
  4 black bears
  2 ice beasts
  52 orc warriors
  4 floating eyes
  3 sky beasts
  5 ogres
  A hog zombie (Crypt:1)
  25 wolves
  A snapping turtle skeleton (Crypt:1)
  21 centaurs
  A phantom (D:7)
  8 kobold brigands
  A komodo dragon zombie (Crypt:2)
  2 scorpions
  9 bullfrogs
  A gnoll sergeant (D:9)
  9 necrophages
  4 earth elementals
  A demonspawn simulacrum (Crypt:2)
  3 killer bees (D:10)
  7 electric eels
  A howler monkey (D:13)
  4 spriggan skeletons (Crypt:2)
  A bullfrog zombie (Crypt:2)
  A jelly (D:7)
  2 bullfrog skeletons (Crypt:1)
  32 orc priests
  A gnoll bouda (D:4)
  8 starcursed masses (Zig:8)
  6 human skeletons
  4 iguanas
  Jessica (D:2)
  Natasha (twice) (D:2)
  22 orc wizards
  An ice beast zombie (Crypt:1)
  16 gnolls
  12 adders
  4 river rats (Sewer)
  2 shadow imps
  An adder skeleton (Crypt:2)
  4 worms
  3 dart slugs
  98 orcs
  11 bats
  2 bat zombies (D:8)
  12 endoplasms
  4 giant cockroaches
  30 goblins
  28 hobgoblins
  9 jackals
  5 quokkas
  7 ball pythons
  3 frilled lizards
  A goblin zombie (D:5)
  A hobgoblin skeleton (Crypt:2)
  20 kobolds
  A kobold zombie (Crypt:2)
  8 rats
  2 rat zombies (D:8)
  A river rat skeleton (Crypt:1)
  A river rat zombie (Crypt:1)
  3 starspawn tentacles (Zig:8)
2372 creatures vanquished.

Vanquished Creatures (others)
  A vault warden (Vaults:5)
  A deep elf elementalist (Elf:3)
  A stone giant (Vaults:5)
  A dire elephant (Vaults:3)
  A spark wasp (Spider:3)
  A merfolk impaler (Shoals:2)
  An entropy weaver (Spider:4)
  A hydra (Lair:5)
  A vault guard (Vaults:4)
  A centaur warrior (D:15)
  A merfolk aquamancer (Shoals:4)
  A deep elf knight (Elf:3)
  A titan zombie (Crypt:3)
  A spriggan berserker (Depths:4)
  A pharaoh ant (Zig:9)
  An orb spider (Spider:3)
  A bog body (Crypt:1)
  A deep elf zephyrmancer (Elf:3)
  A mana viper (WizLab)
  2 wolf spiders
  A cyclops (D:15)
  A torpor snail (Spider:3)
  A cane toad (Lair:1)
  A meliai (Spider:2)
  A merfolk (Shoals:4)
  2 tarantellas
  A snapping turtle (Shoals:1)
  A culicivora (Spider:3)
  2 jumping spiders
  A flying skull (Crypt:2)
  A slime creature (Slime:2)
  A fire elemental (Elf:3)
  3 humans (Lair:4)
  2 redbacks
  A floating eye (Depths:4)
  A swamp drake (shapeshifter) (Vaults:5)
  3 ogres (Vaults:5)
  A centaur (D:15)
  An earth elemental (Elf:2)
  A bullfrog (Lair:4)
  6 orcs
  A jackal skeleton (Crypt:2)
  A starspawn tentacle (Zig:8)
56 creatures vanquished.

Grand Total: 2428 creatures vanquished

Notes
Turn   | Place    | Note
-------+----------+-------------------------------------------
     0 | D:1      | 2FriedEggs the Ogre Shapeshifter began the quest for the
                  | Orb.
     0 | D:1      | Reached XP level 1. HP: 19/19 MP: 1/1
    90 | D:1      | Reached XP level 2. HP: 15/28 MP: 2/2
   213 | D:1      | Found Rereol's Assorted Antiques.
   226 | D:1      | Bought a blackened bronze wand for 68 gold pieces
   437 | D:1      | Reached XP level 3. HP: 33/35 MP: 3/3
   915 | D:2      | Identified the +6 sling "Duumusodd" {antimagic, rCorr Int+2
                  | Dex+2}
  1057 | D:2      | Noticed Jessica
  1061 | D:2      | Killed Jessica
  1062 | D:2      | Reached XP level 4. HP: 44/44 MP: 1/4
  1085 | D:2      | Noticed Natasha
  1091 | D:2      | Natasha changed into Natasha the adder
  1091 | D:2      | Noticed Natasha
  1093 | D:2      | Killed Natasha the adder
  1485 | D:2      | Noticed Natasha
  1491 | D:2      | Killed Natasha
  1663 | D:2      | Noticed Natasha
  1670 | D:2      | Killed Natasha
  1671 | D:2      | Reached XP level 5. HP: 16/53 MP: 1/5
  2123 | D:3      | Found a glowing drain.
  2199 | Sewer    | Entered a sewer
  2226 | Sewer    | Reached XP level 6. HP: 57/61 MP: 2/6
  3724 | D:3      | Found a faded altar of an unknown god.
  4098 | D:4      | Reached XP level 7. HP: 40/70 MP: 7/7
  4107 | D:4      | Found a staircase to the Ecumenical Temple.
  4120 | Temple   | Entered the Ecumenical Temple
  4137 | D:4      | Reached skill level 5 in Shapeshifting
  4273 | D:4      | Found a blossoming altar of Fedhas.
  4280 | D:4      | Found a shadowy altar of Dithmenos.
  4286 | D:4      | Found a bloodstained altar of Trog.
  5077 | D:4      | Found an ornate altar of the Wu Jian Council.
  5282 | D:5      | Entered Level 5 of the Dungeon
  5368 | D:1      | Bought a scroll labelled EGUKEYCLIL for 17 gold pieces
  5368 | D:1      | Bought a scroll labelled XYSKAYM LALIRCH for 17 gold pieces
  5368 | D:1      | Bought a scroll labelled OTIUSU HYTEO for 17 gold pieces
  5368 | D:1      | Bought 2 scrolls labelled OTIUSU HYTEO for 34 gold pieces
  5368 | D:1      | Bought 2 scrolls labelled DUEJYR ZINEHO for 34 gold pieces
  5571 | D:5      | Noticed Pikel
  5836 | D:5      | Noticed a human
  5837 | D:5      | Found a runed translucent door.
  5846 | D:5      | Found a basalt altar of Yredelemnul.
  6169 | D:6      | Reached XP level 8. HP: 60/78 MP: 8/8
  6692 | D:6      | Found Laeruunauh's Book Shop.
  7943 | D:7      | Got the Essays on Telluric Coordinates
  8151 | D:7      | Reached XP level 9. HP: 84/84 MP: 9/9
  8212 | D:7      | Found a shimmering blue altar of Sif Muna.
  8236 | D:7      | Noticed Menkaure
  8241 | D:7      | Killed Menkaure
  8290 | D:7      | Found a snail-covered altar of Cheibriados.
  8502 | D:7      | Reached skill level 10 in Shapeshifting
  8639 | D:7      | Identified the +2 chain mail of the Raven {Int+3}
  8870 | D:8      | Found a stormy altar of Qazlal.
  8871 | D:8      | Found a sacrificial altar of Ru.
  8885 | D:8      | Reached skill level 5 in Unarmed Combat
  8890 | D:8      | Became a worshipper of Ru the Awakened
  8969 | D:8      | Found a flagged portal.
  9003 | D:8      | Reached skill level 5 in Fighting
  9019 | Bailey   | Entered a bailey
  9151 | Bailey   | Reached XP level 10. HP: 80/98 MP: 10/10
  9248 | Bailey   | Found a burning altar of Makhleb.
  9256 | Bailey   | Identified the +4 scale mail of the Nine Nightmares {Int+3
                  | Dex+3}
  9398 | D:8      | Found Ukhluu's Changing Room.
  9668 | D:8      | Found a hazy altar of Hepliaklqana.
  9728 | D:8      | Gained mutation: You cannot be stealthy. [Ru sacrifice]
  9834 | D:8      | Found an ancient bone altar of Kikubaaqudgha.
 10485 | D:9      | Noticed a two-headed ogre
 10494 | D:9      | Killed a two-headed ogre
 10651 | D:9      | Found a hide-covered altar of Uskayaw.
 11014 | D:10     | Entered Level 10 of the Dungeon
 11090 | D:10     | Reached XP level 11. HP: 111/111 MP: 11/11
 11095 | D:10     | Noticed Gastronok
 11118 | D:9      | Identified the +1 leather armour of the Armoured One {Int+4
                  | Dex+3}
 11168 | D:10     | Identified the +0 robe "Bimyeth" {*Corrode rElec rN+
                  | Regen+}
 11189 | D:10     | Noticed Josephine
 11190 | D:10     | Paralysed by a hornet for 2 turns
 11198 | D:10     | You fall into a shaft and drop 3 floors!
 11482 | D:13     | Found a sacrificial altar of Ru.
 11482 | D:13     | Noticed a cyclops
 11492 | D:13     | Killed a cyclops
 11669 | D:13     | Noticed a centaur warrior
 11681 | D:13     | Killed a centaur warrior
 11885 | D:13     | Noticed an eight-headed hydra
 12167 | D:11     | Noticed Snorg
 12177 | D:11     | Killed Snorg
 12193 | D:10     | Found a staircase to the Lair.
 12324 | D:10     | Identified 5 scrolls of acquirement
 12330 | D:10     | Acquired the amulet "Juof" {Regen+ Dex+2}
 12345 | D:10     | Acquired the amulet of Jaele {rPois rC+ Regen+ MP+9}
 12359 | Lair:1   | Entered Level 1 of the Lair of Beasts
 12674 | Lair:1   | Gained mutation: You cannot study or use magical devices.
                  | [Ru sacrifice]
 12674 | Lair:1   | Reached * piety under Ru
 12674 | Lair:1   | Reached ** piety under Ru
 12674 | Lair:1   | Reached *** piety under Ru
 12928 | Lair:1   | Found a sacrificial altar of Ru.
 12961 | Lair:1   | Reached skill level 10 in Unarmed Combat
 12961 | Lair:1   | Reached XP level 12. HP: 126/126 MP: 12/12
 13183 | Lair:1   | Reached skill level 10 in Fighting
 13739 | Lair:1   | Acquired a manual of Shapeshifting
 13741 | Lair:1   | Acquired 799 gold pieces
 13743 | Lair:1   | Acquired a +2 hat of willpower
 13813 | Lair:2   | Noticed a seven-headed hydra
 13841 | Lair:2   | Killed a seven-headed hydra
 14116 | Lair:2   | Found a radiant altar of Vehumet.
 14218 | Lair:2   | Found a staircase to the Shoals.
 14227 | Lair:2   | You fall into a shaft and drop 2 floors!
 14344 | Lair:4   | Noticed Kirke
 14348 | Lair:4   | Found a runed translucent gate.
 14348 | Lair:4   | Found a runed translucent gate.
 14348 | Lair:4   | Found a runed translucent gate.
 14348 | Lair:4   | Noticed a six-headed hydra
 14460 | Lair:4   | Killed a six-headed hydra
 14723 | Lair:4   | Killed Kirke
 14724 | Lair:4   | Reached skill level 15 in Shapeshifting
 14724 | Lair:4   | Reached XP level 13. HP: 137/137 MP: 13/13
 15040 | Lair:4   | Noticed Nessos
 15045 | Lair:4   | Killed Nessos
 15443 | Lair:4   | Noticed Fractals's ghost (journeyman DsSh)
 15802 | Lair:3   | Found a dark tunnel.
 15813 | Volcano  | Entered a volcano
 16306 | Lair:2   | Found a hole to the Spider Nest.
 16735 | D:8      | Bought a granite talisman for 1120 gold pieces
 16735 | D:8      | Bought a maw talisman for 560 gold pieces
 16735 | D:8      | Bought a potion of mutation for 112 gold pieces
 17418 | Lair:3   | Gained mutation: You occasionally lose the ability to drink
                  | potions when taking damage. [Ru sacrifice]
 17418 | Lair:3   | Gained mutation: You sometimes lose the ability to drink
                  | potions when taking damage. [Ru sacrifice]
 17418 | Lair:3   | Reached **** piety under Ru
 17516 | Lair:5   | Entered Level 5 of the Lair of Beasts
 17588 | Lair:5   | Reached XP level 14. HP: 136/150 MP: 14/14
 17776 | Lair:5   | Identified the +0 robe of Ahiz Memnomm {rC+ Str+3}
 17798 | Lair:5   | Found a transporter.
 17800 | Lair:5   | Noticed avis's ghost (journeyman FeSh)
 18050 | Lair:5   | Noticed a dire elephant
 18056 | Lair:5   | Killed a dire elephant
 18270 | Lair:5   | Found a viscous altar of Jiyva.
 18270 | Lair:5   | Found a staircase to the Slime Pits.
 18369 | Lair:5   | Found a transporter.
 18880 | D:10     | Found a radiant altar of Vehumet.
 19031 | D:10     | Found a portal to a secret trove of treasure.
 19165 | D:10     | Found a staircase to the Orcish Mines.
 19247 | D:10     | Killed Josephine
 19274 | D:10     | Killed Gastronok
 19277 | D:10     | Gained mutation: You cannot train Dodging skill. [Ru
                  | sacrifice]
 19277 | D:10     | Reached ***** piety under Ru
 19671 | D:11     | Noticed Erica
 19680 | D:11     | Killed Erica
 19681 | D:11     | Reached XP level 15. HP: 163/163 MP: 15/15
 20184 | D:12     | Identified the +1 robe of Geosus {rN++ Regen+ Stlth-}
 20903 | D:13     | Found a gate to the Vaults.
 21193 | D:14     | Reached skill level 15 in Unarmed Combat
 21243 | D:14     | Gained mutation: You cannot study or cast Ice magic. [Ru
                  | sacrifice]
 21243 | D:14     | Gained mutation: You cannot study or cast Transmutations
                  | magic. [Ru sacrifice]
 21243 | D:14     | Gained mutation: You cannot study or cast Summoning magic.
                  | [Ru sacrifice]
 21243 | D:14     | Reached ****** piety under Ru
 21346 | D:14     | Found a stormy altar of Qazlal.
 21753 | D:15     | Entered Level 15 of the Dungeon
 21757 | D:15     | Reached skill level 15 in Fighting
 21836 | D:15     | Found a staircase to the Depths.
 22620 | Orc:1    | Entered Level 1 of the Orcish Mines
 22646 | Orc:2    | Entered Level 2 of the Orcish Mines
 22752 | Orc:2    | Found a staircase to the Elven Halls.
 22945 | Orc:2    | Reached XP level 16. HP: 157/157 MP: 16/16
 23030 | Orc:2    | Gained mutation: You occasionally shout uncontrollably at
                  | your foes. [a neqoxec]
 23241 | Orc:2    | Found Xushrowe's Distillery.
 23241 | Orc:2    | Found Urcho's Weapon Emporium.
 23242 | Orc:2    | Found Gaj Jeo's Magic Scroll Shoppe.
 23242 | Orc:2    | Found Fuguwuts's Armour Emporium.
 23250 | Orc:2    | Lost mutation: You occasionally shout uncontrollably at
                  | your foes. [potion of mutation]
 23250 | Orc:2    | Gained mutation: You possess an exceptional clarity of
                  | mind. [potion of mutation]
 23250 | Orc:2    | Gained mutation: Your magical capacity is low. (-10% MP)
                  | [potion of mutation]
 23250 | Orc:2    | Gained mutation: Your body sometimes deteriorates upon
                  | taking damage. [potion of mutation]
 23251 | Orc:2    | Lost mutation: You possess an exceptional clarity of mind.
                  | [potion of mutation]
 23251 | Orc:2    | Lost mutation: Your body sometimes deteriorates upon taking
                  | damage. [potion of mutation]
 23251 | Orc:2    | Gained mutation: Your body sometimes deteriorates upon
                  | taking damage. [potion of mutation]
 23251 | Orc:2    | Gained mutation: A frigid envelope surrounds you and
                  | freezes all who hurt you. [potion of mutation]
 23252 | Orc:2    | Lost mutation: Your magical capacity is low. (-10% MP)
                  | [potion of mutation]
 23252 | Orc:2    | Lost mutation: A frigid envelope surrounds you and freezes
                  | all who hurt you. [potion of mutation]
 23252 | Orc:2    | Gained mutation: Your muscles are strong. (Str +4, Int/Dex
                  | -1) [potion of mutation]
 23252 | Orc:2    | Gained mutation: Your skin changes colour to match your
                  | surroundings (Stealth+). [potion of mutation]
 23254 | Orc:2    | Bought 2 potions of mutation for 272 gold pieces
 23254 | Orc:2    | Lost mutation: Your skin changes colour to match your
                  | surroundings (Stealth+). [potion of mutation]
 23254 | Orc:2    | Lost mutation: Your muscles are strong. (Str +4, Int/Dex
                  | -1) [potion of mutation]
 23254 | Orc:2    | Gained mutation: You expend magic power (3 MP) to
                  | strengthen your wands. [potion of mutation]
 23254 | Orc:2    | Gained mutation: You have hidden genetic potential. [potion
                  | of mutation]
 23254 | Orc:2    | Gained mutation: You have large cloven feet. [potion of
                  | mutation]
 23257 | Orc:2    | Bought a scroll of blinking for 97 gold pieces
 23257 | Orc:2    | Bought a scroll of teleportation for 39 gold pieces
 23623 | Orc:1    | Noticed Jorgrun
 23633 | Orc:1    | Killed Jorgrun
 23776 | Orc:1    | You fall into a shaft and drop 1 floor!
 24228 | Spider:1 | Entered Level 1 of the Spider Nest
 24239 | Spider:1 | Noticed Azrael
 24248 | Spider:1 | Killed Azrael
 24339 | Spider:1 | You fall into a shaft and drop 1 floor!
 25267 | Spider:2 | Noticed Aizul
 25272 | Spider:2 | Killed Aizul
 25850 | Spider:2 | Identified the +0 leather armour of Focus {rC- Dex+4}
 25913 | Spider:3 | Noticed Arachne
 25939 | Spider:3 | Killed Arachne
 25946 | Spider:3 | Upgraded the game from 0.31-a0-662-g684573625c to
                  | 0.31-a0-664-g902f515a81
 26049 | Spider:3 | Found a runed translucent gate.
 26049 | Spider:3 | Found a runed translucent gate.
 26049 | Spider:3 | Found a runed translucent gate.
 26050 | Spider:3 | Noticed Musia's ghost (adept DjCj)
 26122 | Spider:3 | Killed Musia's ghost
 26123 | Spider:3 | Reached XP level 17. HP: 189/189 MP: 17/17
 26413 | Spider:3 | Reached skill level 1 in Shields
 26664 | Spider:4 | Entered Level 4 of the Spider Nest
 26694 | Spider:4 | Gained mutation: You have an increased reservoir of magic.
                  | (+10% MP) [hidden potential]
 27359 | Spider:3 | Reached skill level 5 in Shields
 27929 | Spider:4 | Got a gossamer rune of Zot
 28272 | Elf:1    | Entered Level 1 of the Elven Halls
 28365 | Elf:1    | Noticed Norris
 28386 | Elf:1    | Killed Norris
 28429 | Elf:1    | Identified the ring of Torchal {rPois Str+4 Dex-3 SInv}
 28486 | Elf:1    | Found Arire's General Store.
 28494 | Elf:1    | Bought a potion of mutation for 160 gold pieces
 28494 | Elf:1    | Bought a scroll of teleportation for 60 gold pieces
 28494 | Elf:1    | Bought a potion of mutation for 160 gold pieces
 28683 | Elf:1    | Found a runed translucent gate.
 28683 | Elf:1    | Found a runed translucent gate.
 28683 | Elf:1    | Found a runed translucent gate.
 28722 | Elf:1    | Reached XP level 18. HP: 202/202 MP: 19/19
 28799 | Elf:1    | Noticed Viaheush's ghost (journeyman GnWn)
 28799 | Elf:1    | Noticed Viaheush's ghost (journeyman GnWn)
 29200 | Elf:1    | Killed Viaheush's ghost
 29207 | Elf:1    | Killed Viaheush's ghost
 29214 | Elf:1    | Identified the +3 pair of boots "Feisk" {+Inv rC+ Will+
                  | SInv}
 29452 | Elf:2    | Paralysed by an air elemental for 1 turns
 29461 | Elf:2    | Gained mutation: You have a somewhat thin skeletal
                  | structure. (Dex +2, Stealth+) [hidden potential]
 29461 | Elf:2    | Lost mutation: You have hidden genetic potential. [hidden
                  | potential expressed]
 29664 | Elf:2    | Found a runed translucent gate.
 29664 | Elf:2    | Found a runed translucent gate.
 29664 | Elf:2    | Found a runed translucent gate.
 29739 | Elf:3    | Entered Level 3 of the Elven Halls
 29774 | Elf:3    | Found a frozen archway.
 29786 | IceCv    | Entered an ice cave
 30363 | IceCv    | Found the +8 whip "Snakebite" {venom, curare, rPois}
 30365 | IceCv    | Found the +0 mask of the Dragon {Will+ Slay+3 SInv}
 30804 | Elf:3    | Found a shimmering blue altar of Sif Muna.
 31205 | Elf:3    | Noticed a Brimstone Fiend
 31311 | Elf:3    | Reached skill level 10 in Shields
 31572 | Shoals:1 | Entered Level 1 of the Shoals
 32129 | Shoals:2 | You fall into a shaft and drop 1 floor!
 32142 | Shoals:3 | Reached XP level 19. HP: 215/215 MP: 20/20
 32489 | Shoals:2 | Found a runed translucent gate.
 32489 | Shoals:2 | Found a runed translucent gate.
 32489 | Shoals:2 | Found a runed translucent gate.
 32490 | Shoals:2 | Noticed Cahom's ghost (adept MiBe)
 32558 | Shoals:2 | Killed Cahom's ghost
 32564 | Shoals:2 | Identified the ring of Lugonu's Felicitations {rF+ rCorr
                  | Int+3 Stlth-}
 33334 | Shoals:4 | Entered Level 4 of the Shoals
 33334 | Shoals:4 | Found an opulent altar of Gozag.
 33359 | Shoals:4 | Paralysed by an air elemental for 1 turns
 33709 | Shoals:4 | Got a barnacled rune of Zot
 33711 | Shoals:4 | Identified the staff of Defiance {rPois rC+ Ice}
 33975 | Shoals:4 | Upgraded the game from 0.31-a0-664-g902f515a81 to
                  | 0.31-a0-667-g39726597b9
 34085 | Shoals:4 | Noticed Bai Suzhen
 34090 | Shoals:4 | Killed Bai Suzhen
 34624 | Elf:3    | Identified the +2 broad axe of Yrhisch {protect, Fly rPois}
 34817 | Elf:3    | Reached XP level 20. HP: 228/228 MP: 22/22
 34867 | Elf:3    | Identified the +7 halberd of Zin's Benevolence {heavy,
                  | *Noise rElec Str+3 Int+5}
 34867 | Elf:3    | Identified the ring of Qoreapp {Will+ Str+3 Slay+4}
 34915 | Elf:3    | Got Sif Muna's Atlas of Exhalation
 34921 | Elf:3    | Got the Compilation of Wanderlust
 35374 | Orc:2    | Bought a potion of heal wounds for 85 gold pieces
 35374 | Orc:2    | Bought a potion of heal wounds for 85 gold pieces
 35374 | Orc:2    | Bought a potion of berserk rage for 85 gold pieces
 35374 | Orc:2    | Bought a potion of invisibility for 136 gold pieces
 35547 | Vaults:1 | Entered Level 1 of the Vaults
 35716 | Vaults:1 | Found Nemyofoa's Distillery.
 35721 | Vaults:1 | Bought a potion of mutation for 104 gold pieces
 35721 | Vaults:1 | Bought a potion of heal wounds for 65 gold pieces
 35721 | Vaults:1 | Bought a potion of mutation for 104 gold pieces
 35721 | Vaults:1 | Bought 2 potions of haste for 260 gold pieces
 37224 | Vaults:2 | Reached XP level 21. HP: 240/240 MP: 23/23
 37801 | Vaults:3 | Reached skill level 15 in Shields
 38185 | Vaults:3 | Found a staircase to the Crypt.
 38298 | Vaults:3 | Noticed Mara
 38305 | Vaults:3 | Noticed 2FriedEggs's illusion
 38347 | Vaults:3 | Noticed 2FriedEggs's illusion
 38351 | Vaults:3 | Noticed 2FriedEggs's illusion
 38353 | Vaults:3 | Killed Mara
 38625 | Vaults:3 | Identified the staff "Xanaz" {MP+9 Str-4 Int+3 Dex+6 Earth}
 38666 | Vaults:3 | Noticed Margery
 38672 | Vaults:3 | Killed Margery
 39054 | Vaults:3 | Identified the +9 halberd "Jellybane" {protect, rElec rC+
                  | Int+3}
 39378 | Vaults:4 | Reached XP level 22. HP: 254/254 MP: 24/24
 39447 | Vaults:4 | Identified the +5 flail of Duty {holy, Fly Int+2 SInv}
 40159 | Crypt:1  | Entered Level 1 of the Crypt
 40583 | Crypt:1  | Identified the amulet "Tiloarph" {Acrobat Str+3}
 40961 | Crypt:2  | Noticed Boris
 40970 | Crypt:2  | Killed Boris
 40991 | Crypt:2  | Found a magical portal.
 41001 | WizLab   | Entered Yara's Duelist Academy
 41160 | WizLab   | Noticed Ewavias
 41165 | WizLab   | Killed Ewavias the Head Instructor
 41430 | WizLab   | Got Sif Muna's Annotations on Nonlocality and Guile
 42007 | Crypt:2  | Reached XP level 23. HP: 267/267 MP: 25/25
 42127 | Crypt:2  | Identified the amulet "Ceolasch" {Spirit rC- Regen+ Int+7}
 42430 | Crypt:3  | Entered Level 3 of the Crypt
 42640 | Crypt:3  | Noticed Zenata
 42646 | Crypt:3  | Killed Zenata
 42769 | Crypt:3  | Noticed a dread lich
 42770 | Crypt:3  | Found a basalt altar of Yredelemnul.
 42774 | Crypt:3  | Killed a dread lich
 42825 | Crypt:3  | Noticed Saint Roka
 42836 | Crypt:3  | Noticed Vv
 42842 | Crypt:3  | Killed Saint Roka
 42854 | Crypt:3  | Killed Vv
 42930 | Crypt:3  | Noticed Boris
 42935 | Crypt:3  | Killed Boris
 43223 | Crypt:3  | Found a staircase to the Tomb.
 44178 | Slime:1  | Entered Level 1 of the Pits of Slime
 44480 | Slime:5  | Entered Level 5 of the Pits of Slime
 44593 | Slime:5  | Found a viscous altar of Jiyva.
 44593 | Slime:5  | Noticed the Royal Jelly
 44599 | Slime:5  | Killed the Royal Jelly
 44611 | Slime:5  | Reached XP level 24. HP: 85/246 MP: 25/25
 44822 | Slime:5  | Found the +2 hat of the Bear Spirit {Spirit, Bear, *Rage
                  | Will++}
 44849 | Slime:5  | Identified the +5 chain mail of Pride {rN+}
 44864 | Slime:5  | Found the +7 great mace "Firestarter" {flame, immolate,
                  | rFlCloud rF++}
 44894 | Slime:5  | Identified the +0 plate armour of the Dropbear {rF+}
 44920 | Slime:5  | Identified the +0 robe of Dogma {rCorr Slay+2}
 44929 | Slime:5  | Identified the amulet "Reddosmu" {Reflect Contam Str+4
                  | Slay+4 SH+5 Stlth+}
 44987 | Slime:5  | Identified the ring "Witoch" {*Corrode rPois rF+ rN+++
                  | AC+4}
 45003 | Slime:5  | Got a slimy rune of Zot
 45018 | Slime:5  | Identified the +3 trident of Massacring {heavy, rPois rN+++
                  | Str+3 Int-2}
 45234 | Slime:5  | Gained mutation: Your body often deteriorates upon taking
                  | damage. [a shining eye]
 45240 | Slime:5  | Lost mutation: Your body often deteriorates upon taking
                  | damage. [potion of mutation]
 45240 | Slime:5  | Lost mutation: You have a somewhat thin skeletal structure.
                  | (Dex +2, Stealth+) [potion of mutation]
 45240 | Slime:5  | Lost mutation: You expend magic power (3 MP) to strengthen
                  | your wands. [potion of mutation]
 45240 | Slime:5  | Gained mutation: You expend magic power (3 MP) to
                  | strengthen your wands. [potion of mutation]
 45240 | Slime:5  | Gained mutation: You are vulnerable to heat. (rF-) [potion
                  | of mutation]
 45241 | Slime:5  | Lost mutation: You are vulnerable to heat. (rF-) [potion of
                  | mutation]
 45241 | Slime:5  | Lost mutation: You have an increased reservoir of magic.
                  | (+10% MP) [potion of mutation]
 45241 | Slime:5  | Gained mutation: You have hidden genetic defects. [potion
                  | of mutation]
 45241 | Slime:5  | Gained mutation: Your spells are a little harder to cast,
                  | but a little more powerful. [potion of mutation]
 45263 | Slime:5  | Gained mutation: Your magical capacity is low. (-10% MP) [a
                  | shining eye]
 46204 | Vaults:5 | Entered Level 5 of the Vaults
 46257 | Vaults:4 | Gained mutation: You are occasionally teleported next to
                  | monsters. [hidden defects]
 46787 | Vaults:5 | Gained mutation: You occasionally lose the ability to read
                  | scrolls when taking damage. [hidden defects]
 46787 | Vaults:5 | Lost mutation: You have hidden genetic defects. [hidden
                  | defects expressed]
 46843 | Vaults:5 | Identified the +7 short sword of the Ecumenical Temple
                  | {pain, rCorr Str+5 Int+2}
 46970 | Vaults:5 | Identified the +5 shortbow of the People {elec, *Slow Str+7
                  | Dex+2}
 47071 | Vaults:5 | Identified the +3 steam dragon scales of Uler {Dex+4}
 47099 | Vaults:5 | Reached XP level 25. HP: 269/269 MP: 20/20
 47149 | Vaults:5 | Identified the +4 dire flail "Waohoces" {heavy, *Corrode
                  | rN+++ Int+4}
 47368 | Vaults:5 | Got a silver rune of Zot
 47592 | Vaults:5 | Identified the +0 cloak "Onteissa" {Regen+}
 47604 | Vaults:5 | Identified the +1 ring mail "Veocs" {Dex+3}
 48079 | Depths:1 | Entered Level 1 of the Depths
 48119 | Depths:1 | Reached skill level 27 in Unarmed Combat
 48149 | Depths:1 | Found a shimmering blue altar of Sif Muna.
 48206 | Depths:1 | Paralysed by a floating eye for 3 turns
 48233 | Depths:1 | Found Ciuvoume's Antique Weapon Emporium.
 48282 | Depths:1 | Found a gateway to Hell.
 48378 | Depths:1 | Noticed Nikola
 48383 | Depths:1 | Killed Nikola
 48929 | Depths:2 | Noticed a juggernaut
 48933 | Depths:2 | Killed a juggernaut
 48982 | Depths:2 | Paralysed by a floating eye for 4 turns
 49203 | Depths:2 | Found a broken altar of Ashenzari.
 49216 | Depths:2 | Acquired the ring "Ememup" {rElec rN+ Int+6 Stlth+}
 49521 | Depths:2 | Found a one-way gate leading to the halls of Pandemonium.
 49726 | Depths:2 | Found a one-way gateway to a ziggurat.
 50114 | Depths:3 | Noticed Grunn
 50123 | Depths:3 | Killed Grunn
 50572 | Depths:3 | Identified the +1 double sword of Hepliaklqana, Jumping
                  | {protect, Drain Int+9 SInv}
 50761 | Depths:3 | Found a one-way gate to the infinite horrors of the Abyss.
 50964 | Depths:3 | Reached XP level 26. HP: 306/306 MP: 20/20
 50974 | Depths:3 | Identified the orb of Impatience {*Rage, Str+2 Int+7
                  | Slay+2}
 50986 | Depths:3 | Identified the amulet of Ycissif {Regen+ Slay+2}
 51038 | Depths:4 | Entered Level 4 of the Depths
 51040 | Depths:4 | Paralysed by a floating eye for 2 turns
 51052 | Depths:4 | Reached skill level 27 in Fighting
 51142 | Depths:4 | Found Catet's General Store.
 51180 | Depths:4 | Noticed a juggernaut
 51186 | Depths:4 | Killed a juggernaut
 51265 | Depths:4 | Identified the ring of Pufyre {rCorr Dex+3 SInv}
 51301 | Depths:4 | Identified the ring of Renouh {Ice Will+ MP+9}
 51310 | Depths:4 | Noticed Jory
 51323 | Depths:4 | Killed Jory
 51356 | Depths:4 | Paralysed by a floating eye for 3 turns
 51414 | Depths:4 | Acquired 1160 gold pieces
 51415 | Depths:4 | Acquired a manual of Fire Magic
 51420 | Depths:4 | Acquired the +3 Elemental Staff {ele, rElec rF+ rC+ AC+3}
 51420 | Depths:4 | Found the +3 Elemental Staff {ele, rElec rF+ rC+ AC+3}
 51489 | Depths:4 | Identified the +6 scimitar of Certain Death {venom, +Blink
                  | rF+++ Str+3 Int-2 Dex+2}
 51684 | Depths:4 | Found a transporter.
 51691 | Depths:4 | Identified the +7 plate armour "Boistrupu" {rElec Regen+}
 51702 | Depths:4 | Noticed a juggernaut
 51705 | Depths:4 | Killed a juggernaut
 51771 | Depths:4 | Identified the ring "Jeivetou" {Fire +Blink rElec}
 51873 | Depths:4 | Found Laroheu's Magic Scroll Boutique.
 51887 | Depths:4 | Bought a scroll of blinking for 112 gold pieces
 51887 | Depths:4 | Bought a scroll of blinking for 112 gold pieces
 51887 | Depths:4 | Bought a scroll of teleportation for 45 gold pieces
 51887 | Depths:4 | Bought 2 scrolls of teleportation for 90 gold pieces
 51899 | Depths:4 | Found a gate to the Realm of Zot.
 51969 | Depths:4 | Found a transporter.
 52087 | Zot:1    | Entered Level 1 of the Realm of Zot
 52130 | Zig:1    | Entered Level 1 of a ziggurat
 52147 | Zig:2    | Entered Level 2 of a ziggurat
 52166 | Zig:3    | Entered Level 3 of a ziggurat
 52195 | Zig:3    | Reached skill level 5 in Spellcasting
 52195 | Zig:3    | Reached XP level 27. HP: 323/323 MP: 28/28
 52207 | Zig:4    | Entered Level 4 of a ziggurat
 52265 | Zig:4    | Identified the amulet of Secrets {Reflect Str+3 Int-2 Dex+7
                  | SH+5}
 52270 | Zig:5    | Entered Level 5 of a ziggurat
 52292 | Zig:5    | Identified the ring "Aggaeruvi" {rC+ rN+ rCorr Int+2 Dex+3}
 52297 | Zig:5    | Identified the ring of Golairuate {Drain rPois rC+ Str+3}
 52306 | Zig:6    | Entered Level 6 of a ziggurat
 52311 | Zig:6    | Noticed a dread lich
 52319 | Zig:6    | Killed a dread lich
 52348 | Zig:6    | Identified the amulet of Lexzefamu {Faith Dex+3}
 52359 | Zig:7    | Entered Level 7 of a ziggurat
 52365 | Zig:7    | Paralysed by an air elemental for 1 turns
 52413 | Zig:7    | Acquired a manual of Translocations
 52420 | Zig:8    | Entered Level 8 of a ziggurat
 52438 | Zig:8    | Found the +3 crown of Dyrovepreva {rElec Int+2 SInv}
 52455 | Zig:8    | Got the Encyclopedia of Geological Bones
 52467 | Zig:8    | Identified the staff of Indomitability {Fly rElec rC+
                  | Stlth- Ice Air}
 52473 | Zig:9    | Entered Level 9 of a ziggurat
 52494 | Zig:9    | HP: 12/331 [radroach (25)]
 52494 | Zig:9    | HP: 4/331 [emperor scorpion (8)]
 52497 | Zig:9    | Slain by a moth of wrath simulacrum

Illustrated notes

Levels and vault maps discovered:
D:1:      scummos_arrival_checkerplants, layout_basic, serial_shops, shop
D:2:      layout_loops_corners, uniq_natasha, uniq_jessica
D:3:      layout_loops_ring, ebering_ecumenical_altar_abandoned,
          gup_sewer_entry_bubbles, hangedman_decor_growths,
          minmay_misc_feat_encased
D:4:      layout_layer_cave, nzn_wu_jian_contemplation,
          grunt_temple_overflow_diamond, minmay_temple_entry_sparse_star
D:5:      layout_cave_pools, dk_yredelemnul_ordeal, corexii_hall_statues_t,
          corexii_item_surrounded_by_moat, uniq_pikel
D:6:      minmay_goblin_kobold_castle, layout_cave_pools, serial_shops,
          nicolae_shop_temple_entry_statues_fountains
D:7:      layout_loops_ring, mainiacjoe_overflow_catwalk, lemuel_round_altar,
          uniq_menkaure
D:8:      layout_loops_ring, lemuel_zombie_altar_kikubaaqudgha,
          mainiacjoe_overflow_24_doors, mainiacjoe_overflow_divided_tiny,
          enter_bailey_5, nicolae_transmutations_shop
D:9:      layout_loops_cross, nicolae_uskayaw_dance_hall,
          nicolae_nh_ransacked_shop
D:10:     layout_long_grid, fiery_altar_vehumet, lair_entry_dummy,
          hiddenorc2_lemuel, nicolae_trove_entry_isolated, uniq_josephine,
          uniq_gastronok
D:11:     layout_cross, serial_bayou, serial_bayou_pond_d, serial_bayou_pond_e,
          serial_bayou_shore_b, serial_bayou_pond_d, serial_bayou_crossing,
          serial_bayou_lagoon_b, st_stairs_4, uniq_snorg, uniq_erica
D:12:     layout_basic, serial_demonic, serial_demonic_f, serial_demonic_c,
          serial_demonic_f, serial_demonic_b
D:13:     layout_irregular_city, grunt_vaults_entry_tiered, hangedman_ru_absence
D:14:     layout_roguey, serial_bayou, serial_bayou_pond_d, serial_bayou_pond_e,
          serial_bayou_pond_b, serial_bayou_shore_a, grunt_qazlal_clouds,
          minmay_liquid_box
D:15:     grunt_enter_depths_snipers, layout_loops_ring
Temple:   hellmonk_temple_beads
Lair:1:   layout_layer_cave, basic_altar, grunt_megastairs_4
Lair:2:   layout_regular_city, minmay_shoals_entry_lonely_mermaid,
          nicolae_spider_entry_lesser_pyramids, basic_altar
Lair:3:   layout_gridlike, enter_volcano_2, roderic_carrion_pond,
          lemuel_fruit_fields
Lair:4:   layout_layer_cave, gammafunk_ghost_necromancy,
          cheibrodos_lair_caveside_slide, beast_lair_carwin_11, uniq_kirke,
          uniq_nessos
Lair:5:   grunt_lair_end_beastmaster, layout_regular_city,
          dpeg_slime_entry_corner, gammafunk_ghost_berserking_beasts,
          grunt_megastairs_2
Shoals:1: layout_shoals
Shoals:2: layout_shoals, ebering_ghost_rock_garden, nicolae_shoals_shepherds
Shoals:3: layout_shoals
Shoals:4: shoals_end_hellmonk_storm_palace [storm_palace_center_square,
          storm_palace_corner_reverse_hut, storm_palace_corner_altar,
          storm_palace_corner_grid, storm_palace_corner_pillars],
          uniq_bai_suzhen
Spider:1: layout_spider_delve, uniq_azrael
Spider:2: layout_spider_delve, drop_trap, guppyfry_spider_mini_3, uniq_aizul
Spider:3: layout_spider_delve, ebering_ghost_rock_garden, drop_trap,
          uniq_arachne
Spider:4: hellmonk_spider_rune_bug_friends, nicolae_spider_stair_cavern
Slime:1:  layout_caves
Slime:2:  layout_caves
Slime:3:  layout_caves, basic_altar
Slime:4:  layout_caves
Slime:5:  slime_pit_nicolae_block_by_block
Orc:1:    layout_diamond_mine, uniq_jorgrun
Orc:2:    st_orc_pillars, layout_diamond_mine
Elf:1:    nicolae_elf_arrival_fired_up, layout_loops_corners, special_room
          [special_room_orc], serial_shops, shop, gammafunk_ghost_cemetery,
          evilmike_minifort, uniq_norris
Elf:2:    elven_hall_of_blades_hangedman_original [nooodl_blade_entry_preview],
          layout_rooms, grunt_ministairs_2, uniq_louise, uniq_asterion
Elf:3:    elf_hall_gauntlet_wide, layout_gridlike, basic_altar,
          portal_ice_cave_entry_ice_statue_one
Vaults:1: v_misc_29, ontoclasm_vaults_spin, v_rooms_6, v_rooms_2,
          nicolae_vaults_mitosis, vaults_mumra_minichess,
          ontoclasm_vaults_idyll, v_alt_pattern_1, nicolae_vaults_octothorpe,
          nicolae_vaults_little_squares_4, layout_vaults_maze, serial_shops,
          shop
Vaults:2: nicolae_vaults_storage_room_glass, nicolae_vaults_apartment_1,
          nicolae_vaults_tetromino_L_1, v_misc_23, v_pattern_2,
          vaults_mumra_hex, v_misc_2, nicolae_vaults_more_shelving_1,
          nicolae_vaults_crenellated_ambush, vaults_room_corners,
          nicolae_vaults_stepped_doors, layout_vaults_quadrants
Vaults:3: minmay_crypt_entry_skeletal_spiral, nicolae_vaults_frosty_reception,
          v_misc_4, nicolae_vaults_tetromino_L_1, nicolae_vaults_murder_corner,
          nicolae_vaults_ninety_degrees, v_misc_3, v_misc_15,
          nicolae_vaults_little_squares_2, nicolae_vaults_tangram_1,
          nicolae_vaults_prndl, nicolae_vaults_closet_pinwheel_1,
          layout_vaults_ring, uniq_margery, uniq_mara
Vaults:4: vaults_dpeg_cross, nicolae_vaults_spaceships, vaults_room_pools,
          nicolae_vaults_steering_wheel, hangedman_vaults_hat,
          nicolae_vaults_shrinking_rooms_2, v_pattern_4,
          nicolae_vaults_apartment_1, v_misc_22, dpeg_vaults_monster_box,
          ontoclasm_vaults_loading_screen, nicolae_vaults_ring_of_whatevers,
          layout_vaults_omnibox
Vaults:5: serial_shops
Crypt:1:  layout_chaotic_city, minmay_misc_feat_alley
Crypt:2:  minmay_skeleton_keep, layout_regular_city,
          infiniplex_enter_wizlab_water, uniq_boris
Crypt:3:  cryptofortress_bobbens, uniq_vv, uniq_saint_roka, uniq_zenata
Depths:1: layout_basic, hell_entry, serial_shops, nicolae_shop_crystal,
          nicolae_sif_muna_little_library, kennysheep_random_hallway,
          uniq_nikola
Depths:2: minmay_the_grid_octo_triangle [minmay_the_grid_octo_77,
          minmay_the_grid_octo_prize_big_c, minmay_the_grid_octo_clover],
          layout_honeycomb, enter_ziggurat_e, hellmouth_1,
          grunt_pan_entry_sceptre, ashenzari_altar_1
Depths:3: dreamdust_tengu_aerie, layout_cave_shapes,
          abyss_entry_small_statue_room, lightli_too_deep,
          rand_demon_pan_entry_8, serial_bayou_shore_b, uniq_grunn
Depths:4: hangedman_spin_cycle, hell_entry, abyss_entry, uniq_jory
Zot:1:    layout_basic, drop_trap
Zig:9

Skill      XL: |  1  2  3  4  5  6  7  8  9 10 11 12 13 14 15 16 17 18 19 20 21 22 23 24 25 26 27 |
---------------+----------------------------------------------------------------------------------+-----
Dodging        | 2 0 |  0.0
Fighting       | 2 3 4 5 7 9 11 12 14 15 16 17 19 20 21 23 26 27 | 27.0
Unarmed Combat | 3 4 6 8 10 11 13 14 15 16 17 19 20 21 24 26 27 | 27.0
Shapeshifting  | 4 6 9 10 12 13 15 17 18 19 20 21 22 24 25 | 25.5
Shields        | 6 10 12 14 16 | 16.9
Spellcasting   | 5 |  5.4

Action                     |  1- 3 |  4- 6 |  7- 9 | 10-12 | 13-15 | 16-18 | 19-21 | 22-24 | 25-27 || total
---------------------------+-------+-------+-------+-------+-------+-------+-------+-------+-------++-------
  Melee: Unarmed           |   124 |    29 |   313 |   423 |   782 |  1131 |   914 |   978 |   578 ||  5272
         Punch             |     3 |       |       |     1 |    14 |     3 |       |       |       ||    21
         Constrict         |       |     1 |    64 |    69 |    35 |     1 |       |     2 |       ||   172
         Sling             |       |     1 |       |       |       |       |       |       |       ||     1
         Kick              |       |       |       |       |       |   308 |   334 |   356 |   201 ||  1199
   Fire: Sling             |     9 |   139 |       |       |       |       |       |       |       ||   148
 Invoke: Sacrifice Stealth |       |       |       |     1 |       |       |       |       |       ||     1
         Sacrifice Artific |       |       |       |     1 |       |       |       |       |       ||     1
         Reject Sacrifices |       |       |       |     1 |       |       |       |       |       ||     1
         Sacrifice Drink   |       |       |       |       |     1 |       |       |       |       ||     1
         Power Leap        |       |       |       |       |     1 |       |     1 |       |       ||     2
         Sacrifice Nimblen |       |       |       |       |     1 |       |       |       |       ||     1
         Apocalypse        |       |       |       |       |     1 |       |       |     6 |     4 ||    11
         Sacrifice Arcana  |       |       |       |       |     1 |       |       |       |       ||     1
         Draw Out Power    |       |       |       |       |       |     3 |       |     1 |       ||     4
  Evoke: Wand              |       |    10 |     7 |     6 |       |       |       |       |       ||    23
    Use: Scroll            |       |       |    13 |    18 |     2 |    13 |     1 |     3 |    12 ||    62
         Potion            |       |       |     6 |     1 |     1 |     7 |       |     6 |     5 ||    26
   Stab: Paralysed         |       |       |       |     3 |     3 |     5 |     5 |    18 |     7 ||    41
         Invisible         |       |       |       |     2 |     4 |     2 |     6 |     4 |     5 ||    23
         Distracted        |       |       |       |     1 |     4 |     5 |     6 |       |     2 ||    18
         Petrified         |       |       |       |       |     1 |       |       |       |       ||     1
 Armour: Animal skin       |    70 |    77 |       |       |       |       |       |       |       ||   147
         Skin              |       |     5 |   224 |   261 |   638 |  1642 |  1024 |  1127 |   623 ||  5544
         Troll leather arm |       |       |       |    84 |       |    48 |       |       |       ||   132
  Dodge: Dodged            |    61 |    69 |   154 |   324 |   535 |  1119 |   322 |   260 |   155 ||  2999
  Block: Other             |       |    17 |    88 |    49 |       |       |       |       |       ||   154
         Reflection        |       |     1 |    16 |     9 |       |       |       |       |       ||    26
         Tower shield      |       |       |       |       |   329 |  1119 |  1000 |  1131 |   581 ||  4160
   Form: Anaconda          |       |     1 |       |     2 |     1 |     1 |       |     1 |     1 ||     7
         Flux              |       |     1 |       |       |       |       |       |       |       ||     1
         Blade             |       |       |       |     2 |       |     1 |       |       |     1 ||     4
         Statue            |       |       |       |       |     3 |     2 |       |     1 |     2 ||     8
                           |       |       |       |       |     1 |       |       |       |       ||     1

Table legend: (Time is in decaauts)
 A = Elapsed time spent in this place.
 B = Non-inter-level travel time spent in this place.
 C = Inter-level travel time spent in this place.
 D = Time resting spent in this place.
 E = Time spent auto-exploring this place.
 F = Levels seen in this place.
 G = Mean time per level.
                   A        B        C        D        E       F      G
               +--------+--------+--------+--------+--------+-----+--------+
         Total |  68348 |  61405 |   6943 |   5550 |  39461 |  66 | 1035.6 |
       Dungeon |  17888 |  15808 |   2080 |   1803 |  10703 |  15 | 1192.5 |
        Temple |      2 |      2 |      0 |      0 |      1 |   1 |    2.0 |
          Lair |   7529 |   6349 |   1180 |    274 |   4743 |   5 | 1505.8 |
        Shoals |   4005 |   3779 |    226 |     76 |   2569 |   4 | 1001.2 |
   Spider Nest |   5874 |   5531 |    343 |    595 |   3015 |   4 | 1468.5 |
    Slime Pits |   2460 |   2309 |    151 |    234 |   1335 |   5 |  492.0 |
  Orcish Mines |   2482 |   1661 |    821 |    135 |   1006 |   2 | 1241.0 |
   Elven Halls |   4520 |   3827 |    693 |    261 |   2331 |   3 | 1506.7 |
        Vaults |   9678 |   8701 |    977 |   1068 |   5746 |   5 | 1935.6 |
         Crypt |   4393 |   4230 |    163 |      0 |   2958 |   3 | 1464.3 |
        Depths |   5789 |   5484 |    305 |    451 |   3799 |   4 | 1447.2 |
           Zot |      2 |      2 |      0 |      0 |      0 |   1 |    2.0 |
      Ziggurat |    495 |    495 |      0 |      0 |    124 |   9 |   55.0 |
         Sewer |    887 |    887 |      0 |    252 |    497 |   1 |  887.0 |
        Bailey |    291 |    291 |      0 |     94 |     65 |   1 |  291.0 |
      Ice Cave |   1098 |   1098 |      0 |    187 |    378 |   1 | 1098.0 |
       Volcano |    282 |    282 |      0 |    118 |      0 |   1 |  282.0 |
        Wizlab |    666 |    666 |      0 |      0 |    187 |   1 |  666.0 |
               +--------+--------+--------+--------+--------+-----+--------+

Top non-repeatable levels by time:
Vaults:3: 2360 daAuts
    D:13: 2068 daAuts
Depths:2: 1994 daAuts
   Elf:3: 1979 daAuts
 Slime:5: 1966 daAuts
Vaults:4: 1947 daAuts
  Lair:5: 1903 daAuts
Spider:3: 1894 daAuts
Vaults:1: 1833 daAuts
Vaults:5: 1813 daAuts
    D:10: 1778 daAuts
 Crypt:3: 1744 daAuts
     D:6: 1734 daAuts
Vaults:2: 1723 daAuts
   Orc:2: 1700 daAuts
